 Dungeon Crawl Stone Soup version 0.28-a0-612-gcfc00ec14d (webtiles) character file.

Game seed: 16296594934999771402

1148 siradein the Changer (level 8, 0/60 HPs)
             Began as a Merfolk Transmuter on Oct 6, 2021.
             Succumbed to an orc wizard's poison
             ... on level 5 of the Dungeon.
             The game lasted 00:15:09 (5268 turns).

siradein the Changer (Merfolk Transmuter)           Turns: 5268, Time: 00:15:10

Health: 0/60       AC:  2    Str: 10    XL:     8   Next: 38%
Magic:  14/14      EV: 23    Int: 14    God:
Gold:   203        SH:  0    Dex: 20    Spells: 9/15 levels left

rFire   . . .      SeeInvis .     - Unarmed
rCold   . . .      Faith    .   (shield currently unavailable)
rNeg    . . .      Spirit   .   (armour currently unavailable)
rPois   .          Reflect  .   (helmet currently unavailable)
rElec   .          Harm     .   (cloak currently unavailable)
rCorr   .          Rampage  .   (gloves currently unavailable)
Will    +....                   (boots currently unavailable)
Stlth   ++........              n - amulet of magic regeneration
HPRegen 0.20/turn               d - ring of poison resistance
MPRegen 0.39/turn               t - ring of willpower

@: lethally poisoned (0 -> -13), spider-form
A: venomous fangs, tiny, (nimble swimmer 2), (mertail)
a: End Transformation


You were on level 5 of the Dungeon.
You were a venomous arachnid creature.
You visited 1 branch of the dungeon, and saw 5 of its levels.

You collected 203 gold pieces.

Inventory:

Hand Weapons
 e - a +0 hunting sling
 v - the +7 rapier "Puat" (melded) {freeze, Contam Fragile rElec rN+++}
   (You found it on level 4 of the Dungeon)

   It freezes those it strikes, dealing additional cold damage.
   It can also slow down cold-blooded creatures.
   rElec:     It insulates you from electricity.
   rN:        It renders you almost immune to negative energy.
   Contam:    It causes magical contamination when unequipped.
   Fragile:   It will be destroyed if unequipped.
Missiles
 f - 178 stones
 h - 5 datura-tipped darts
Armour
 a - a +0 robe (melded)
Jewellery
 d - a ring of poison resistance (left front leg)
 n - an amulet of magic regeneration (around neck)
 t - a ring of willpower (right front leg)
 u - a ring of positive energy
Wands
 q - a wand of digging (4)
 w - a wand of polymorph (7)
Scrolls
 b - 2 scrolls of amnesia
 k - 2 scrolls of teleportation {unknown}
 l - a scroll of acquirement {unknown}
 o - 2 scrolls of fog {unknown}
 r - a scroll of fear {unknown}
 y - a scroll of vulnerability {unknown}
Potions
 c - a potion of might
 g - 2 potions of brilliance {unknown}
 i - a potion of curing
 j - a potion of heal wounds {unknown}
 m - 2 potions of mutation {unknown}
 p - a potion of ambrosia {unknown}
 s - a potion of lignification {unknown}
 x - a potion of attraction {unknown}


   Skills:
 + Level 4.3 Fighting
 + Level 2.4 Short Blades
 + Level 5.6 Dodging
 + Level 5.4 Unarmed Combat
 + Level 4.0 Spellcasting
 + Level 5.6 Transmutations
 + Level 3.4 Poison Magic


You had 9 spell levels left.
You knew the following spells:

 Your Spells              Type           Power      Damage    Failure   Level
a - Beastly Appendage     Tmut           36%        N/A       8%          1
b - Wereblood             Tmut           18%        N/A       10%         2
c - Spider Form           Tmut/Pois      7%         N/A       22%         3

Your spell library contained the following spells:

 Spells                   Type           Power      Damage    Failure   Level
 Stone Arrow              Conj/Erth      4%         3d7       71%         3
 Ice Form                 Ice/Tmut       10%        N/A       73%         4
 Animate Armour           Summ/Erth      4%         N/A       96%         4
 Lehudib's Crystal Spear  Conj/Erth      1%         10d2      100%        8


Dungeon Overview and Level Annotations

Branches:
Dungeon (5/15)
 Temple: D:4-7

Altars:

Shops:
D:1 (   D:5 ?

Annotations:
D:4 3 runed translucent doors, Edmund; SkeletonJelly's ghost, novice VSTm


Innate Abilities, Weirdness & Mutations

You are a venomous arachnid creature.
You have poisonous fangs.
You are tiny and dextrous.
Your spellcasting is less reliable in this form.
Your armour is entirely melded.
You are incapable of wielding weapons or throwing items.
((You are quick and stealthy near water. (Stealth+, EV+, Speed+++)))
((Your lower body shifts to a powerful aquatic tail in water.))


Message History

The orc priest is poisoned.
The orc priest barely misses you.
You bite the orc priest!
The orc priest is severely wounded.
Something misses you.
The orc priest invokes the aid of Beogh against you.
Beogh smites you!
* * * LOW HITPOINT WARNING * * *
You hit the orc priest but do no damage.
The orc priest is almost dead.
Something closely misses you. The orc priest misses you.
You hit the plant.
The plant begins to die.
The plant is poisoned.
The plant is lightly damaged.
Something hits you.
* * * LOW HITPOINT WARNING * * *
You are poisoned.
The orc hits something with a +0 club.
You feel sick.
The orc priest invokes the aid of Beogh against you.
Pain shoots through your body!
* * * LOW HITPOINT WARNING * * *
* * * LOW HITPOINT WARNING * * *
You feel sick.
* * * LOW HITPOINT WARNING * * *
You feel sick.
The orc priest looks satisfied for a moment.
* * * LOW HITPOINT WARNING * * *
You feel sick.
A nearby plant withers and dies.
You kill the orc priest!
* * * LOW HITPOINT WARNING * * *
You feel sick.
You feel better. Something hits you.
* * * LOW HITPOINT WARNING * * *
You are lethally poisoned!
The orc hits the plant with a +0 short sword.
The plant begins to die.
* * * LOW HITPOINT WARNING * * *
You feel very sick.
Something hits the plant.
The plant begins to die.
You hit something but do no damage.
You die...

.♣.♣♣#..P♣♣§ ♣♣ .. ..#...
o5♣♣♣PP.♣§.§ ♣♣ ♣♣. .♣...#...
P♣.K..♣♣♣♣.♣ ♣.♣ PP .♣... ..
♣♣o♣♣.♣P♣..♣♣♣P.♣ .♣... ..
♣.P..♣..♣....♣..#+ #P.##### #.
.♣♣♣..♣♣♣P.♣.....## #♣.##...###.
♣...8...♣♣..♣.♣.♣.###♣.P.♣.......
..........o.♣..♣♣...♣.♣..........
♣.8.⌠.8..)♣P.♣P.s.P♣.♣♣..........
PP......♣..PP.o♣♣.♣..♣........##.
♣.♣P8.P.♣♣.P♣♣♣.♣.♣.♣......∩..##.
♣♣.♣♣P♣.♣..♣P♣..♣.♣.♣♣§♣§§.....#.
P....♣..♣PP..♣....♣..§§PP......#.
.♣♣♣..♣♣♣..♣PP...♣..♣P♣§§♣.....#.
♣ #..♣P#.♣♣..♣...♣..♣..P#......#.
###.......P♣...#.P.♣.♣........#.
.............^........##.....###


You could see an orc.

Vanquished Creatures
  Pikel (D:5)
  A water moccasin (D:5)
  An orc warrior (D:4)
  An ogre (D:4)
  A scorpion (D:5)
  A hound (D:4)
  2 orc priests (D:5)
  Ijyb (D:5)
  2 orc wizards
  A scorpion zombie (D:4)
  4 adders
  3 gnolls
  3 river rats (D:5)
  A worm (D:3)
  A dart slug (D:1)
  9 orcs
  10 ball pythons
  3 endoplasms
  5 giant cockroaches
  10 goblins
  6 hobgoblins
  A quokka (D:1)
  3 bats (D:1)
  A frilled lizard (D:1)
  6 kobolds
  4 rats
82 creatures vanquished.

Vanquished Creatures (others)
  8 plants (D:5)
8 creatures vanquished.

Grand Total: 90 creatures vanquished

Notes
Turn   | Place    | Note
-------+----------+-------------------------------------------
     0 | D:1      | siradein the Merfolk Transmuter began the quest for the
                  | Orb.
     0 | D:1      | Reached XP level 1. HP: 15/15 MP: 3/3
   147 | D:1      | Found Mihuicorio's Weapon Shoppe.
   150 | D:1      | Reached XP level 2. HP: 18/21 MP: 3/5
   153 | D:1      | Learned a level 2 spell: Wereblood
   507 | D:1      | Reached XP level 3. HP: 25/27 MP: 6/6
  1613 | D:2      | Reached XP level 4. HP: 29/33 MP: 3/7
  1921 | D:2      | Learned a level 3 spell: Spider Form
  3106 | D:4      | Reached XP level 5. HP: 23/39 MP: 8/8
  3615 | D:4      | Reached skill level 1 in Poison Magic
  3677 | D:4      | Noticed an orc warrior
  3692 | D:4      | Killed an orc warrior
  3693 | D:4      | Reached XP level 6. HP: 46/46 MP: 8/10
  4038 | D:4      | Found a runed translucent gate.
  4038 | D:4      | Found a runed translucent gate.
  4038 | D:4      | Found a runed translucent gate.
  4044 | D:4      | Noticed SkeletonJelly's ghost (novice VSTm)
  4046 | D:4      | Identified the +7 rapier "Puat" {freeze, Contam Fragile
                  | rElec rN+++}
  4514 | D:5      | Entered Level 5 of the Dungeon
  4531 | D:5      | Reached XP level 7. HP: 50/52 MP: 11/11
  4568 | D:5      | Noticed Ijyb
  4587 | D:5      | Killed Ijyb
  4618 | D:5      | Found Osetaqee's Magic Scroll Shop.
  4637 | D:5      | Noticed Edmund
  5126 | D:5      | Reached skill level 5 in Transmutations
  5147 | D:5      | Reached skill level 1 in Short Blades
  5150 | D:5      | Reached skill level 5 in Dodging
  5213 | D:5      | Noticed Pikel
  5249 | D:5      | Killed Pikel
  5250 | D:5      | Reached skill level 5 in Unarmed Combat
  5250 | D:5      | Reached XP level 8. HP: 29/60 MP: 12/14
  5263 | D:5      | HP: 3/60 [poisoned by an orc wizard]
  5268 | D:5      | Succumbed to an orc wizard's poison

Illustrated notes

Levels and vault maps discovered:
D:1:      dpeg_arrival_leaves_temple_mockup, layout_rooms, serial_shops,
          nicolae_shop_stone, minmay_indecisive_spiral
D:2:      layout_rooms, serial_park_tiny_pond, minivault_14
D:3:      layout_basic, chequers_serial_rivers_small_a,
          chequers_serial_rivers_micro_d
D:4:      layout_rooms, gammafunk_ghost_nasty_kobolds
D:5:      wad_woods_tower, layout_gridville, fedhas_ov_isle_minmay,
          serial_shops, kennysheep_mini_moat, shop, shop,
          nicolae_shop_window_shopping, uniq_pikel, uniq_eustachio, uniq_edmund,
          uniq_ijyb

Skill      XL: |  1  2  3  4  5  6  7 |
---------------+----------------------+-----
Dodging        | 3 4 5 |  5.6
Transmutations | 3 4 5 |  5.6
Fighting       | 2 3 4 |  4.3
Unarmed Combat | 4 5 |  5.4
Poison Magic   | 1 2 3 |  3.4
Spellcasting   | 3 4 |  4.0
Short Blades   | 2 |  2.4

Action                   |  1- 3 |  4- 6 |  7- 9 || total
-------------------------+-------+-------+-------++-------
Melee: Unarmed           |    96 |   116 |    19 ||   231
       Headbutt          |    19 |    13 |     3 ||    35
       Punch             |       |     3 |     1 ||     4
       Rapier            |       |    12 |    31 ||    43
 Fire: Hunting sling     |       |     2 |       ||     2
 Cast: Beastly Appendage |    21 |    24 |     9 ||    54
       Wereblood         |     1 |     4 |       ||     5
       Spider Form       |       |     2 |     2 ||     4
 Abil: End Transformatio |       |     1 |       ||     1
  Use: Scroll            |       |     5 |       ||     5
       Potion            |       |       |     1 ||     1
 Stab: Sleeping          |     1 |     2 |       ||     3
Armor: Robe              |    14 |     7 |     2 ||    23
Dodge: Dodged            |    82 |    75 |    41 ||   198

Table legend: (Time is in decaauts)
 A = Elapsed time spent in this place.
 B = Non-inter-level travel time spent in this place.
 C = Inter-level travel time spent in this place.
 D = Time resting spent in this place.
 E = Time spent auto-exploring this place.
 F = Levels seen in this place.
 G = Mean time per level.
                   A        B        C        D        E       F      G
               +--------+--------+--------+--------+--------+-----+--------+
         Total |   5254 |   5066 |    188 |   1169 |   2781 |   5 | 1050.8 |
       Dungeon |   5254 |   5066 |    188 |   1169 |   2781 |   5 | 1050.8 |
               +--------+--------+--------+--------+--------+-----+--------+

Top non-repeatable levels by time:
     D:2: 1310 daAuts
     D:1: 1224 daAuts
     D:4: 1183 daAuts
     D:3: 869 daAuts
     D:5: 666 daAuts
